 Dungeon Crawl Stone Soup version 0.23.1 (webtiles) character file.

Game seed: 10647936855280709987

66 mralvaruus the Digger (level 4, 0/28 HPs)
             Began as a Gargoyle Earth Elementalist on Mar 14, 2019.
             Slain by an orc priest
             ... wielding a +0 mace
              (3 damage)
             ... while paralysed
             ... on level 3 of the Dungeon.
             The game lasted 00:24:28 (1652 turns).

mralvaruus the Digger (Gargoyle Earth Elementalist) Turns: 1652, Time: 00:24:28

Health: 0/28       AC:  6    Str: 12    XL:     4   Next: 15%
Magic:  8/8        EV:  2    Int: 16    God:
Gold:   9          SH:  0    Dex: 10    Spells: 7/8 levels left

rFire    . . .     SeeInvis .   h - +0 short sword
rCold    . . .     Gourm    .   (no shield)
rNeg     + . .     Faith    .   g - +0 leather armour
rPois    ∞         Spirit   .   (no helmet)
rElec    +         Reflect  .   (no cloak)
rCorr    .         Harm     .   (no gloves)
MR       .....                  (no boots)
Stlth    ++........             (no amulet)
HPRegen  0.09/turn              (no ring)
MPRegen  0.11/turn              (no ring)

@: paralysed, fainting
A: negative energy resistance 1, electricity resistance, unbreathing,
petrification resistance, rot immunity, AC +3
a: no special abilities


You were on level 3 of the Dungeon.
You were fainting.

You visited 1 branch of the dungeon, and saw 3 of its levels.

You collected 9 gold pieces.

Inventory:

Hand Weapons
 h - a +0 short sword (weapon)
Missiles
 b - 34 stones (quivered)
Armour
 g - a +0 leather armour (worn)
Scrolls
 a - a scroll of identify {unknown}
 c - a scroll of enchant weapon {unknown}
 e - 3 scrolls of teleportation {unknown}
Comestibles
 d - 4 rations


   Skills:
 + Level 3.2 Fighting
 - Level 1.5 Dodging
 - Level 2.1 Stealth
 * Level 2.7 Spellcasting
   Level 0.7 Transmutations
 - Level 3.6 Earth Magic


You had 7 spell levels left.
You knew the following spells:

 Your Spells              Type           Power        Failure   Level  Hunger
a - Sandblast             Erth           ##....       5%          1    #......

Your spell library contained the following spells:

 Spells                   Type           Power        Failure   Level  Hunger
 Passwall                 Tmut/Erth      #.......     16%         2    ##.....
 Stone Arrow              Conj/Erth      #.....       34%         3    ###....
 Petrify                  Tmut/Erth      #.......     69%         4    #####..
 Lee's Rapid Deconstruct  Erth           ##........   83%         5    ######.


Dungeon Overview and Level Annotations

Branches:
Dungeon (3/15)

Altars:
Zin


Innate Abilities, Weirdness & Mutations

You are resistant to torment.
Your stone body is resilient. (AC +3)
You are immune to poison.
You resist negative energy. (rN+)
You are resistant to electric shocks. (rElec)
You can survive without breathing.
You are immune to petrification.
You are immune to rotting.


Message History

You lose consciousness!
An orc comes into view. It is wielding a +0 club.
The orc priest shouts!
The orc shouts!
The rat bites you.
An orc comes into view.
The orc shouts!
The goblin hits you.
* * * LOW HITPOINT WARNING * * *
The rat bites you but does no damage. The orc hits you but does no damage.
The goblin barely misses you.
An orc priest comes into view. It is wielding a +0 flail.
The rat completely misses you. The orc hits you with a +0 short sword.
* * * LOW HITPOINT WARNING * * *
The goblin hits you but does no damage. The rat bites you.
* * * LOW HITPOINT WARNING * * *
The goblin hits you but does no damage. The rat bites you but does no damage.
The orc hits you but does no damage. The orc priest barely misses you.
The goblin barely misses you. The rat bites you but does no damage.
The orc hits you but does no damage. The orc priest hits you with a +0 mace.
You die...

#.).>.... #........
#########........
##.....##.....#...
##..............##.
#..................
#...o..............
#.oo..o............
#.@ro).............
#..g...............
#..................
##.................
##.....##.........
################.


You could see 2 orc priests, 3 orcs, a goblin and a rat.

Vanquished Creatures
  Terence (D:2)
  2 adders (D:2)
  3 leopard geckos
  A giant cockroach (D:2)
  4 goblins
  A kobold (D:2)
  A quokka (D:2)
  4 bats
  A frilled lizard (D:2)
  5 rats
23 creatures vanquished.

Notes
Turn   | Place    | Note
-------+----------+-------------------------------------------
     0 | D:1      | mralvaruus the Gargoyle Earth Elementalist began the quest
                  | for the Orb.
     0 | D:1      | Reached XP level 1. HP: 10/10 MP: 3/3
   303 | D:1      | Reached skill level 1 in Fighting
   303 | D:1      | Reached XP level 2. HP: 3/16 MP: 3/5
  1087 | D:2      | Reached XP level 3. HP: 14/21 MP: 6/6
  1194 | D:2      | Noticed Terence
  1225 | D:2      | Killed Terence
  1423 | D:2      | Found a glowing silver altar of Zin.
  1423 | D:2      | Noticed an angel
  1470 | D:2      | Reached XP level 4. HP: 18/28 MP: 6/8
  1641 | D:3      | Paralysed by fainting for 5 turns
  1646 | D:3      | Paralysed by fainting for 7 turns
  1652 | D:3      | Slain by an orc priest

Skill      XL: |  1  2  3 |
---------------+----------+-----
Fighting       | 1 2 3 |  3.2
Dodging        | |  1.5
Stealth        | |  2.1
Spellcasting   | |  2.7
Transmutations | |  0.7
Earth Magic    | |  3.6

Action                   |  1- 3 |  4- 6 || total
-------------------------+-------+-------++-------
Melee: Unarmed           |    69 |       ||    69
       Dagger            |    55 |       ||    55
       Short sword       |    17 |    20 ||    37
 Cast: Sandblast         |    12 |       ||    12
  Use: Potion            |     3 |       ||     3
Armor: Robe              |    22 |       ||    22
       Leather armour    |    38 |    22 ||    60
Dodge: Dodged            |   100 |    23 ||   123
